 Dungeon Crawl Stone Soup version 0.32-a0-898-g7811c86cf0 (console) character file.

Game seed: 9269607521108817457

102610 jejorda2 the Tortoise (level 16, -2/193 HPs)
             Began as a Gnoll Berserker on Apr 4, 2024.
             Was an Elder of Trog.
             Slain by a frost giant
             ... wielding a +2 battleaxe of freezing
              (11 damage)
             ... on level 15 of the Dungeon on Apr 5, 2024.
             The game lasted 01:16:22 (29083 turns).

jejorda2 the Tortoise (Gnoll Berserker)            Turns: 29083, Time: 01:16:22

Health: -2/193     AC: 26    Str: 24    XL:     16   Next: 33%
Magic:  31/31      EV: 13    Int: 10    God:    Trog [****..]
Gold:   1041       SH:  0    Dex: 15    Spells: 37/37 levels left

rFire   + . .        a - +1 demon whip (venom)
rCold   + . .        (no shield)
rNeg    . . .        x - +2 chain mail {rPois}
rPois   +            e - +1 helmet {Int+3}
rElec   .            F - +2 cloak {rCorr}
rCorr   +            Q - +1 pair of gloves {Dex+3}
SInv    .            K - +0 pair of boots
Will    +....        s - amulet of the acrobat Stlth
                     N - ring of protection from cold
HPRegen 0.52/turn    p - ring of protection from fire
MPRegen 0.22/turn

%: acrobat
@: berserking, studying Armour, very quick
A: fangs 1, strong nose, distributed training
a: Renounce Religion, Berserk, Trog's Hand, Brothers in Arms


You were on level 15 of the Dungeon.
You worshipped Trog.
Trog was greatly pleased with you.
You visited 2 branches of the dungeon, and saw 20 of its levels.
You also visited: Bailey, Gauntlet and Ice Cave.

You collected 1521 gold pieces.
You spent 480 gold pieces at shops.

Inventory:

Hand Weapons
 a - a +1 demon whip of venom (weapon)
 b - a +4 trident of draining
Missiles
 d - 4 curare-tipped darts
 j - 18 boomerangs (quivered)
 l - 30 poisoned darts
 q - 8 throwing nets
 v - 7 javelins
Armour
 e - a +1 helmet of intelligence (worn)
 x - a +2 chain mail of poison resistance (worn)
 F - a +2 cloak of preservation (worn)
 K - a +0 pair of boots (worn)
 Q - a +1 pair of gloves of dexterity (worn)
Jewellery
 f - a ring of see invisible
 h - a ring of positive energy
 p - a ring of protection from fire (right hand)
 s - an amulet of the acrobat (around neck)
 N - a ring of protection from cold (left hand)
Wands
 t - a wand of paralysis (19)
 D - a wand of flame (66)
 G - a wand of acid (3)
 I - a wand of iceblast (21)
 J - a wand of polymorph (5)
Scrolls
 c - a scroll of immolation
 i - 2 scrolls of poison
 o - a scroll of silence
 y - 2 scrolls of enchant weapon
 z - a scroll of fear
 B - 6 scrolls of fog
 M - 10 scrolls of identify
 R - 5 scrolls of teleportation
Potions
 g - 3 potions of enlightenment
 k - 3 potions of mutation
 m - 3 potions of invisibility
 r - 10 potions of haste
 u - 13 potions of curing
 A - 2 potions of cancellation
 E - 3 potions of heal wounds
 L - 3 potions of ambrosia
Miscellaneous
 O - a condenser vane


   Skills:
 + Level 12.8 Fighting
 + Level 11.1 Short Blades
 + Level 11.1 Long Blades
 + Level 11.1 Axes
 + Level 11.1 Maces & Flails
 + Level 12.8 Polearms
 + Level 11.1 Staves
 + Level 11.1 Ranged Weapons
 + Level 11.1 Throwing
 + Level 15.0 Armour
 + Level 12.0 Dodging
 + Level 11.1 Stealth
 + Level 11.1 Shields
 + Level 11.1 Unarmed Combat
 + Level 11.1 Spellcasting
 + Level 9.4 Conjurations
 + Level 9.4 Hexes
 + Level 9.4 Summonings
 + Level 9.4 Necromancy
 + Level 9.4 Translocations
 + Level 9.4 Fire Magic
 + Level 9.4 Ice Magic
 + Level 9.4 Air Magic
 + Level 9.4 Earth Magic
 + Level 9.4 Alchemy
 + Level 12.1 Invocations
 + Level 11.1 Evocations
 + Level 10.2 Shapeshifting


You had 37 spell levels left.
You didn't know any spells.
Your spell library was empty.

Dungeon Overview and Level Annotations

Branches:
Dungeon (15/15)            Temple (0/1) D:6            Lair (5/5) D:9
  Swamp (0/4) Lair:2        Snake (0/4) Lair:3        Slime (0/5) Lair:5
    Orc (0/2) D:11         Vaults (0/5) D:14         Depths (0/4) D:15
 Bailey (visited)           IceCv (visited)         Gauntlet (visited)

Altars:
Ashenzari
Makhleb
Nemelex Xobeh
Okawaru
Xom
Zin

Shops:
D:4 [   D:5 !   D:13 *


Innate Abilities, Weirdness & Mutations

You have very sharp teeth.
Your uncanny sense of smell can sniff out nearby items.
Your experience applies equally to all skills.


Message History

The frost giant looks as sick as possible!
Your bite misses the frost giant.
The frost giant is severely wounded.
You hit the frost giant.
The frost giant looks as sick as possible!
The frost giant is severely wounded.
The frost giant hits you but does no damage.
You whack the frost giant!
The frost giant is almost dead.
You whack the frost giant!
The frost giant looks as sick as possible!
The frost giant is almost dead.
The frost giant hits you with a +2 battleaxe of freezing!!
* * * LOW HITPOINT WARNING * * *
The frost giant freezes you.
* * * LOW HITPOINT WARNING * * *
The tengu warrior shoots an arrow.
The arrow hits you!
* * * LOW HITPOINT WARNING * * *
A red film seems to cover your vision as you go berserk!
You feel yourself moving faster!
You feel mighty!
The tengu warrior shoots an arrow.
The arrow barely misses you. The frost giant casts a spell at you.
The bolt of cold hits you! You resist.
* * * LOW HITPOINT WARNING * * *
You hit the frost giant but do no damage.
The frost giant is almost dead.
You barely miss the frost giant.
The frost giant is almost dead.
The frost giant barely misses you.
The tengu warrior shoots an arrow.
The arrow hits you.
* * * LOW HITPOINT WARNING * * *
You completely miss the frost giant.
The frost giant is almost dead.
You completely miss the frost giant.
The frost giant is almost dead.
You barely miss the frost giant.
You bite the frost giant, but do no damage.
The frost giant is almost dead.
The frost giant hits you with a +2 battleaxe of freezing!
You die...

#####.......## ##.. ####.....#
##. ##.....# ## #......## #
###.....# #####.#
#.############# #..#...Q)...≈≈#
#..#@###≈≈≈#.≈# ######
#..#Cß.#......### #....###
#..#.>.'..≈##.'.# #
#......###..#.ß.#......#.# #
#.......#...#+###≈≈≈#.≈#.# #
#...........# ......≈≈#.#
####..........#############.#
..###.........###........##.#
..............##............###


You could see a frost giant (extremely poisoned) and a tengu warrior.

Vanquished Creatures
  A frost giant (IceCv)
  An orc warlord (Bailey)
  A minotaur (Gauntlet)
  Harold (Lair:2)
  6 hydras
  5 boulder beetles
  6 centaur warriors
  A tengu warrior (D:15)
  3 two-headed ogres
  5 death yaks (IceCv)
  A fire crab (Lair:1)
  Amaemon (Lair:2)
  9 skeletal warriors
  2 large abominations (Gauntlet)
  3 lindwurms
  Pikel (D:4)
  2 orc knights
  A necromancer (Gauntlet)
  5 ugly things
  3 deep elf pyromancers
  An oklob plant (Lair:1)
  6 manticores
  A will-o-the-wisp (Lair:2)
  An ice statue (IceCv)
  4 cyclopes
  A moth of wrath (Gauntlet)
  3 meliai (D:15)
  9 black mambas
  A torpor snail (Lair:5)
  A smoke demon (Gauntlet)
  Maggie (D:6)
  16 cane toads
  An orange demon (Lair:2)
  A kobold demonologist (D:13)
  Jeremiah (D:7)
  11 komodo dragons
  16 rime drakes
  An efreet (D:14)
  2 freezing wraiths (D:14)
  2 tengu conjurers (D:14)
  7 polar bears
  3 trolls
  3 hornets
  12 blink frogs
  Grinder (D:5)
  14 slime creatures
  A vampire (D:11)
  87 yaks
  A shadow (D:10)
  5 wraiths
  14 wyverns
  4 basilisks
  A water elemental (D:14)
  2 wargs
  Eustachio (D:5)
  2 steam dragons
  A redback (Lair:5)
  2 vampire mosquitoes (D:11)
  Menkaure (D:5)
  A naga (shapeshifter) (D:11)
  Edmund (D:5)
  2 acid dragons (D:12)
  An acid dragon (shapeshifter) (D:13)
  2 nagas (Lair:3)
  28 water moccasins
  2 ice beasts (D:6)
  12 orc warriors
  A black bear (Lair:1)
  3 ogres
  6 centaurs
  3 lemures (D:4)
  33 wolves
  2 kobold brigands
  2 gnoll sergeants
  10 bullfrogs
  2 scorpions
  4 small abominations (Gauntlet)
  12 wights
  15 killer bees
  6 howler monkeys (D:9)
  3 crimson imps (Gauntlet)
  2 bombardier beetles
  A hound (D:5)
  2 gnoll boudas
  7 orc priests
  A jelly (D:6)
  Crazy Yiuf (D:5)
  Jessica (D:2)
  5 iguanas
  10 orc wizards
  2 scrub nettles (Lair:1)
  7 adders
  30 gnolls
  A shadow imp (D:5)
  3 white imps
  6 dart slugs
  A ribbon worm (D:3)
  46 orcs
  8 ball pythons
  3 bats
  6 endoplasms
  3 giant cockroaches
  8 goblins
  9 hobgoblins
  4 quokkas
  2 frilled lizards (D:2)
  17 kobolds
  4 rats
641 creatures vanquished.

Vanquished Creatures (collateral kills)
  2 skeletal warriors (D:14)
  A wolf spider (Lair:5)
  A guardian serpent (Lair:5)
  A black mamba (Lair:5)
  A redback (Lair:5)
6 creatures vanquished.

Vanquished Creatures (others)
  A gnoll (D:7)
  18 foxfires (Lair:2)
19 creatures vanquished.

Grand Total: 666 creatures vanquished

Notes
Turn   | Place    | Note
-------+----------+-------------------------------------------
     0 | D:1      | jejorda2 the Gnoll Berserker began the quest for the Orb.
     0 | D:1      | Reached XP level 1. HP: 23/23 MP: 1/1
   182 | D:1      | Found a faded altar of an unknown god.
   190 | D:1      | Reached XP level 2. HP: 29/29 MP: 2/2
   661 | D:2      | Reached XP level 3. HP: 35/35 MP: 2/4
   677 | D:2      | Reached skill level 1 in Invocations
   718 | D:2      | Reached skill level 1 in Short Blades
   718 | D:2      | Reached skill level 1 in Long Blades
   718 | D:2      | Reached skill level 1 in Axes
   718 | D:2      | Reached skill level 1 in Maces & Flails
   718 | D:2      | Reached skill level 1 in Staves
   718 | D:2      | Reached skill level 1 in Ranged Weapons
   718 | D:2      | Reached skill level 1 in Throwing
   718 | D:2      | Reached skill level 1 in Stealth
   718 | D:2      | Reached skill level 1 in Shields
   718 | D:2      | Reached skill level 1 in Unarmed Combat
   718 | D:2      | Reached skill level 1 in Spellcasting
   718 | D:2      | Reached skill level 1 in Evocations
   793 | D:2      | Reached ** piety under Trog
   819 | D:2      | Noticed Jessica
   823 | D:2      | Killed Jessica
   824 | D:2      | Reached skill level 1 in Conjurations
   824 | D:2      | Reached skill level 1 in Hexes
   824 | D:2      | Reached skill level 1 in Summonings
   824 | D:2      | Reached skill level 1 in Necromancy
   824 | D:2      | Reached skill level 1 in Translocations
   824 | D:2      | Reached skill level 1 in Fire Magic
   824 | D:2      | Reached skill level 1 in Ice Magic
   824 | D:2      | Reached skill level 1 in Air Magic
   824 | D:2      | Reached skill level 1 in Earth Magic
   824 | D:2      | Reached skill level 1 in Alchemy
   824 | D:2      | Reached skill level 1 in Shapeshifting
   824 | D:2      | Reached XP level 4. HP: 41/41 MP: 5/5
  1497 | D:3      | Reached XP level 5. HP: 47/47 MP: 7/7
  1908 | D:4      | Noticed a centaur
  1920 | D:4      | Killed a centaur
  1921 | D:4      | Reached skill level 5 in Armour
  1921 | D:4      | Reached skill level 5 in Dodging
  1921 | D:4      | Reached XP level 6. HP: 39/53 MP: 8/8
  2101 | D:4      | Noticed Pikel
  2143 | D:4      | Killed Pikel
  2144 | D:4      | Reached XP level 7. HP: 60/60 MP: 9/11
  2316 | D:4      | Found Usoucw's Antique Armour Shop.
  2319 | D:4      | Bought a runed chain mail for 180 gold pieces
  2404 | D:4      | Reached XP level 8. HP: 63/67 MP: 12/12
  2878 | D:5      | Entered Level 5 of the Dungeon
  2891 | D:5      | Noticed Edmund
  2902 | D:5      | Killed Edmund
  3043 | D:5      | Noticed Grinder
  3058 | D:5      | Killed Grinder
  3125 | D:5      | Noticed Menkaure
  3132 | D:5      | Killed Menkaure
  3133 | D:5      | Reached skill level 6 in Armour
  3178 | D:5      | Noticed Eustachio
  3205 | D:5      | Killed Eustachio
  3206 | D:5      | Reached XP level 9. HP: 43/73 MP: 14/14
  3516 | D:5      | Reached *** piety under Trog
  3762 | D:5      | Found a runed translucent door.
  3763 | D:5      | Noticed Crazy Yiuf
  3785 | D:5      | Found Muehotunk's Distillery.
  3794 | D:5      | Bought a potion of heal wounds for 50 gold pieces
  3794 | D:5      | Bought a potion of curing for 30 gold pieces
  3902 | D:5      | Killed Crazy Yiuf
  3983 | D:6      | Noticed Maggie
  4004 | D:6      | Killed Maggie
  4124 | D:6      | Reached skill level 5 in Invocations
  4247 | D:6      | Found a staircase to the Ecumenical Temple.
  4678 | D:6      | Reached skill level 5 in Short Blades
  4678 | D:6      | Reached skill level 5 in Long Blades
  4678 | D:6      | Reached skill level 5 in Axes
  4678 | D:6      | Reached skill level 5 in Maces & Flails
  4678 | D:6      | Reached skill level 5 in Staves
  4678 | D:6      | Reached skill level 5 in Ranged Weapons
  4678 | D:6      | Reached skill level 5 in Throwing
  4678 | D:6      | Reached skill level 5 in Stealth
  4678 | D:6      | Reached skill level 5 in Shields
  4678 | D:6      | Reached skill level 5 in Unarmed Combat
  4678 | D:6      | Reached skill level 5 in Spellcasting
  4678 | D:6      | Reached skill level 5 in Evocations
  4678 | D:6      | Reached XP level 10. HP: 75/81 MP: 17/17
  4855 | D:7      | Noticed Jeremiah
  4913 | D:7      | Killed Jeremiah
  4914 | D:7      | Reached skill level 7 in Armour
  5310 | D:7      | Reached **** piety under Trog
  6047 | D:8      | Found a flagged portal.
  6214 | Bailey   | Entered a bailey
  6231 | Bailey   | Noticed an orc warlord
  6335 | Bailey   | Reached skill level 5 in Shapeshifting
  6362 | Bailey   | Noticed an orc knight
  6364 | Bailey   | Found a runed translucent gate.
  6365 | Bailey   | Found a runed translucent gate.
  6374 | Bailey   | Killed an orc knight
  6375 | Bailey   | Found a runed translucent gate.
  6532 | Bailey   | Killed an orc warlord
  6926 | D:8      | Acquired a manual of Armour
  7135 | D:8      | Found a glowing silver altar of Zin.
  7326 | D:8      | Reached skill level 5 in Conjurations
  7326 | D:8      | Reached skill level 5 in Hexes
  7326 | D:8      | Reached skill level 5 in Summonings
  7326 | D:8      | Reached skill level 5 in Necromancy
  7326 | D:8      | Reached skill level 5 in Translocations
  7326 | D:8      | Reached skill level 5 in Fire Magic
  7326 | D:8      | Reached skill level 5 in Ice Magic
  7326 | D:8      | Reached skill level 5 in Air Magic
  7326 | D:8      | Reached skill level 5 in Earth Magic
  7326 | D:8      | Reached skill level 5 in Alchemy
  7599 | D:8      | Reached XP level 11. HP: 89/89 MP: 20/20
  7674 | D:9      | Reached skill level 8 in Armour
  7841 | D:9      | Found an iron altar of Okawaru.
  7864 | D:9      | Found a sparkling altar of Nemelex Xobeh.
  8064 | D:4      | Bought a shiny helmet for 180 gold pieces
  8348 | D:9      | Found a staircase to the Lair.
  9085 | D:10     | Entered Level 10 of the Dungeon
  9106 | D:10     | Noticed a two-headed ogre
  9111 | D:10     | Killed a two-headed ogre
  9289 | D:10     | Reached skill level 10 in Fighting
  9289 | D:10     | Reached skill level 10 in Polearms
  9289 | D:10     | Reached skill level 10 in Armour
  9289 | D:10     | Reached XP level 12. HP: 97/97 MP: 21/23
  9757 | D:10     | Found a burning altar of Makhleb.
  9757 | D:10     | Noticed a green death
 10572 | D:11     | Reached XP level 13. HP: 103/103 MP: 24/24
 10709 | D:11     | Found a staircase to the Orcish Mines.
 11064 | Lair:1   | Entered Level 1 of the Lair of Beasts
 11093 | Lair:1   | Reached ***** piety under Trog
 11639 | Lair:1   | Reached skill level 11 in Armour
 12325 | Lair:2   | Noticed Amaemon
 12344 | Lair:2   | Killed Amaemon
 12362 | Lair:2   | Received a gift from Trog
 12838 | Lair:2   | Noticed Harold
 12852 | Lair:2   | Killed Harold
 13144 | Lair:2   | Found a staircase to the Swamp.
 13415 | Lair:2   | Found a shimmering altar of Xom.
 13926 | Lair:3   | Reached skill level 10 in Dodging
 14339 | Lair:3   | Reached skill level 12 in Armour
 14371 | Lair:3   | Found a staircase to the Snake Pit.
 14458 | Lair:3   | Reached XP level 14. HP: 75/113 MP: 25/27
 15716 | Lair:4   | Reached skill level 10 in Invocations
 17067 | Lair:5   | Entered Level 5 of the Lair of Beasts
 17230 | Lair:5   | Paralysed by a hornet for 3 turns
 17932 | Lair:5   | Reached skill level 13 in Armour
 18265 | Lair:5   | Identified the +3 mace of Causality {spect, rC+ Dex+4}
 18794 | Lair:5   | Found a staircase to the Slime Pits.
 19252 | Lair:5   | Reached XP level 15. HP: 110/120 MP: 28/28
 19265 | Lair:5   | Reached skill level 10 in Short Blades
 19265 | Lair:5   | Reached skill level 10 in Long Blades
 19265 | Lair:5   | Reached skill level 10 in Axes
 19265 | Lair:5   | Reached skill level 10 in Maces & Flails
 19265 | Lair:5   | Reached skill level 10 in Staves
 19265 | Lair:5   | Reached skill level 10 in Ranged Weapons
 19265 | Lair:5   | Reached skill level 10 in Throwing
 19265 | Lair:5   | Reached skill level 10 in Stealth
 19265 | Lair:5   | Reached skill level 10 in Shields
 19265 | Lair:5   | Reached skill level 10 in Unarmed Combat
 19265 | Lair:5   | Reached skill level 10 in Spellcasting
 19265 | Lair:5   | Reached skill level 10 in Evocations
 20178 | D:12     | Found a frozen archway.
 20189 | IceCv    | Entered an ice cave
 21069 | IceCv    | Noticed a frost giant
 21077 | IceCv    | Killed a frost giant
 21989 | D:12     | Reached skill level 14 in Armour
 22816 | D:5      | Bought a potion of might for 40 gold pieces
 23705 | D:13     | Found Liog's Elemental Accessories.
 24928 | D:13     | Found Liog's Elemental Accessories.
 25722 | D:14     | Found a gate leading to a gauntlet.
 25733 | Gauntlet | Entered a Gauntlet
 25733 | Gauntlet | Found a transporter.
 25733 | Gauntlet | Found a transporter.
 25734 | Gauntlet | Found a transporter.
 25734 | Gauntlet | Found a transporter.
 25737 | Gauntlet | Found a transporter.
 25748 | Gauntlet | Found a transporter.
 25754 | Gauntlet | Found a transporter.
 25756 | Gauntlet | Found a transporter.
 25769 | Gauntlet | Found a transporter.
 25791 | Gauntlet | Found a transporter.
 25817 | Gauntlet | Found a transporter.
 25886 | Gauntlet | Found a transporter.
 26952 | D:14     | Reached XP level 16. HP: 128/129 MP: 30/30
 27029 | D:14     | Reached skill level 10 in Shapeshifting
 27477 | D:14     | Found a gate to the Vaults.
 27613 | D:15     | Entered Level 15 of the Dungeon
 28579 | D:15     | Found a broken altar of Ashenzari.
 28968 | D:15     | Reached skill level 15 in Armour
 29063 | D:15     | Found a staircase to the Depths.
 29080 | D:15     | HP: 9/193 [tengu warrior/arrow (2)]
 29083 | D:15     | Slain by a frost giant

Illustrated notes

Levels and vault maps discovered:
D:1:      minmay_arrival_glassed_features, layout_basic,
          ebering_ecumenical_altar_sacrificial
D:2:      layout_rooms, amethyst_killhole, chequers_decorated_corner,
          minmay_misc_feat_alley, uniq_jessica
D:3:      layout_basic, hex_intersection
D:4:      layout_loops_cross, serial_shops, nicolae_shop_real_fake_doors,
          minmay_close_crescents, uniq_pikel
D:5:      layout_basic, serial_shops, nicolae_shop_industrial_runoff,
          uniq_eustachio, uniq_grinder, uniq_edmund, uniq_crazy_yiuf_cottage,
          uniq_menkaure
D:6:      layout_rooms, minmay_temple_entry_poolview,
          hangedman_decor_diamond_cutter, uniq_maggie
D:7:      cheibrodos_quashed, layout_loops_ring, uniq_jeremiah
D:8:      layout_cave_pods, zin_treasury, enter_bailey_8
D:9:      layout_loops_corners, nicolae_overflow_squiral, dpeg_oklobed_lair
D:10:     layout_irregular_city, makhleb_altar_promises_db
D:11:     layout_basic, erik_orc_3
D:12:     layout_grid_maze, portal_ice_cave_entry_pillars_2,
          kennysheep_generic_room_9
D:13:     layout_stronghold, nicolae_elemental_shop
D:14:     layout_roguey, hellmonk_vaults_attempted_burglary,
          gauntlet_entry_generic, serial_bayou_ford_a, dk_noncrumbling_2
D:15:     grunt_enter_depths_snipers, layout_cave_pods,
          nicolae_ashenzari_skybound
Lair:1:   layout_regular_city, evilmike_ambush [evilmike_ambush_outer_basic,
          evilmike_ambush_inner_pond], lemuel_fruit_fields
Lair:2:   layout_cave_pods, minmay_swamp_entry_wisps, basic_altar,
          chequers_serial_rivers_micro_b, serial_bayou_pond_b, uniq_harold,
          uniq_amaemon
Lair:3:   layout_roguey, minmay_snake_entry_guardpost_small,
          serial_bayou_shore_a
Lair:4:   layout_cave_pods, cheibrodos_lair_reptile_den
Lair:5:   hangedman_lair_tendril_chambers, layout_cave_pods, slime_entry_1,
          chequers_serial_rivers_small_a, serial_bayou_shore_b,
          lemuel_fruit_tree

Skill      XL: |  1  2  3  4  5  6  7  8  9 10 11 12 13 14 15 16 |
---------------+-------------------------------------------------+-----
Invocations    | 1 2 3 4 5 6 8 9 10 11 12 | 12.1
Short Blades   | 1 2 3 5 6 7 9 10 11 | 11.1
Long Blades    | 1 2 3 5 6 7 9 10 11 | 11.1
Axes           | 1 2 3 5 6 7 9 10 11 | 11.1
Maces & Flails | 1 2 3 5 6 7 9 10 11 | 11.1
Staves         | 1 2 3 5 6 7 9 10 11 | 11.1
Ranged Weapons | 1 2 3 5 6 7 9 10 11 | 11.1
Throwing       | 1 2 3 5 6 7 9 10 11 | 11.1
Stealth        | 1 2 3 5 6 7 9 10 11 | 11.1
Shields        | 1 2 3 5 6 7 9 10 11 | 11.1
Unarmed Combat | 1 2 3 5 6 7 9 10 11 | 11.1
Spellcasting   | 1 2 3 5 6 7 9 10 11 | 11.1
Evocations     | 1 2 3 5 6 7 9 10 11 | 11.1
Conjurations   | 1 2 3 4 5 6 7 8 9 |  9.4
Hexes          | 1 2 3 4 5 6 7 8 9 |  9.4
Summonings     | 1 2 3 4 5 6 7 8 9 |  9.4
Necromancy     | 1 2 3 4 5 6 7 8 9 |  9.4
Translocations | 1 2 3 4 5 6 7 8 9 |  9.4
Fire Magic     | 1 2 3 4 5 6 7 8 9 |  9.4
Ice Magic      | 1 2 3 4 5 6 7 8 9 |  9.4
Air Magic      | 1 2 3 4 5 6 7 8 9 |  9.4
Earth Magic    | 1 2 3 4 5 6 7 8 9 |  9.4
Alchemy        | 1 2 3 4 5 6 7 8 9 |  9.4
Shapeshifting  | 1 2 3 4 5 6 7 8 9 10 | 10.2
Armour         | 5 6 7 10 12 13 14 15 | 15.0
Dodging        | 5 6 7 8 9 10 11 12 | 12.0
Fighting       | 7 8 9 10 11 12 | 12.8
Polearms       | 7 8 9 10 11 12 | 12.8

Action                     |  1- 3 |  4- 6 |  7- 9 | 10-12 | 13-15 | 16-18 || total
---------------------------+-------+-------+-------+-------+-------+-------++-------
  Melee: Spear             |    91 |   108 |       |       |       |       ||   199
         Bite              |     9 |    12 |    31 |    71 |   313 |    47 ||   483
         Trident           |       |    64 |    80 |   604 |   198 |     2 ||   948
         Halberd           |       |       |   188 |    41 |       |       ||   229
         Dire flail        |       |       |     9 |       |       |       ||     9
         Demon whip        |       |       |       |       |  1668 |   263 ||  1931
  Throw: Dart              |       |       |     3 |    10 |   178 |       ||   191
         Boomerang         |       |       |       |     4 |    72 |    24 ||   100
         Javelin           |       |       |       |       |     4 |       ||     4
 Invoke: Trog's Hand       |       |     2 |     4 |     3 |    11 |     1 ||    21
         Berserk           |       |     1 |     7 |     9 |    19 |     6 ||    42
         Brothers in Arms  |       |       |       |     1 |     3 |     1 ||     5
  Evoke: Wand              |       |       |       |       |     4 |       ||     4
    Use: Scroll            |       |       |       |    22 |     7 |       ||    29
         Potion            |       |       |       |     2 |     4 |       ||     6
   Stab: Distracted        |       |       |       |     1 |     1 |       ||     2
         Sleeping          |       |       |       |       |     3 |       ||     3
 Armour: Leather armour    |     5 |       |       |       |       |       ||     5
         Animal skin       |     2 |       |       |       |       |       ||     2
         Ring mail         |     3 |       |       |       |       |       ||     3
         Chain mail        |    14 |     2 |   150 |   405 |  1104 |   155 ||  1830
         Plate armour      |       |    77 |     7 |       |       |       ||    84
  Dodge: Dodged            |    28 |    37 |   138 |   280 |   882 |   120 ||  1485

Table legend: (Time is in decaauts)
 A = Elapsed time spent in this place.
 B = Non-inter-level travel time spent in this place.
 C = Inter-level travel time spent in this place.
 D = Time resting spent in this place.
 E = Time spent auto-exploring this place.
 F = Levels seen in this place.
 G = Mean time per level.
                   A        B        C        D        E       F      G
               +--------+--------+--------+--------+--------+-----+--------+
         Total |  28459 |  26915 |   1544 |   2659 |  18325 |  23 | 1237.3 |
       Dungeon |  17716 |  16489 |   1227 |   1659 |  11459 |  15 | 1181.1 |
          Lair |   8453 |   8136 |    317 |    641 |   5850 |   5 | 1690.6 |
        Bailey |    523 |    523 |      0 |     43 |    168 |   1 |  523.0 |
      Ice Cave |   1049 |   1049 |      0 |    257 |    475 |   1 | 1049.0 |
      Gauntlet |    716 |    716 |      0 |     57 |    371 |   1 |  716.0 |
               +--------+--------+--------+--------+--------+-----+--------+

Top non-repeatable levels by time:
    D:13: 2574 daAuts
  Lair:5: 2499 daAuts
    D:12: 1779 daAuts
  Lair:2: 1687 daAuts
  Lair:4: 1660 daAuts
  Lair:3: 1520 daAuts
    D:14: 1436 daAuts
     D:5: 1342 daAuts
     D:9: 1334 daAuts
     D:8: 1212 daAuts
     D:4: 1142 daAuts
     D:7: 1139 daAuts
  Lair:1: 1086 daAuts
   IceCv: 1049 daAuts
    D:10: 1039 daAuts
